PAA
MINNESOTA LOONS @ LAKE MINNETONKA LOVE BOATS
08/24/2034
 
TOP OF THE 1ST
Minnesota Loons batting - Pitching for Lake Minnetonka Love Boats : LHP Alejandro García
Pitching: LHP Alejandro García
Batting: RHB Héctor Espiga 0-0: Ball
1-0: Ball
2-0: Fly out, F8 (Flyball, 8RS)
Batting: RHB Augusto Manuel 0-0: Foul Ball, location: 2F
0-1: Foul Ball, location: 2F
0-2: Fly out, F7 (Flyball, 78M)
Batting: LHB Kevin de Bruyne 0-0: Ball
1-0: Ball
2-0: Ball
3-0: Base on Balls
Pitching: LHP Giuseppe Farina
Batting: LHB José Román Pickoff Throw to First - Out!
Top of the 1st over - 0 runs, 0 hits, 0 errors, 0 left on base; Minnesota 0 - Lake Minnetonka 0
BOTTOM OF THE 1ST
Lake Minnetonka Love Boats batting - Pitching for Minnesota Loons : LHP Ángel Flores
Pitching: LHP Ángel Flores
Batting: RHB Francisco Guerra 0-0: Ball
1-0: Swinging Strike
1-1: Ball
2-1: Foul Ball, location: 2F
2-2: Foul Ball, location: 2F
2-2: Strikes out swinging
Batting: RHB Jeff Hunter 0-0: Ball
1-0: Ball
2-0: Ball
3-0: Called Strike
3-1: Base on Balls
Batting: LHB Wilton Maynard 0-0: Foul Ball, location: 2F
0-1: 2-RUN HOME RUN (Flyball, 9LD), Distance : 358 ft
Batting: RHB Mario van Heijbeeck 0-0: Ball
1-0: Ground out 5-3 (Groundball, 5)
Batting: LHB Juan Ramírez 0-0: Ball
1-0: Ball
2-0: Ball
3-0: Base on Balls
Batting: RHB Martin van Veldhuizen 0-0: Fielders Choice at 2nd, 6-4 (Groundball, 6)
Bottom of the 1st over - 2 runs, 1 hit, 0 errors, 1 left on base; Minnesota 0 - Lake Minnetonka 2
TOP OF THE 2ND
Minnesota Loons batting - Pitching for Lake Minnetonka Love Boats : LHP Giuseppe Farina
Batting: LHB José Román 0-0: Called Strike
0-1: Fly out, F9 (Flyball, 9LSF)
Batting: RHB Raúl Maradona 0-0: Swinging Strike
0-1: Ball
1-1: SINGLE (Groundball, 34D)
Batting: LHB Sergio Cruz 0-0: Called Strike
0-1: Swinging Strike
0-2: Ball
1-2: Ball
2-2: Foul Ball, location: 2F
2-2: Ball
3-2: Foul Ball, location: 2F
3-2: Fly out, F7 (Flyball, 7LM)
Batting: SHB Esteban Piñeiro 0-0: Called Strike
0-1: Foul Ball, location: 2F
0-2: Ball
1-2: Strikes out swinging
Top of the 2nd over - 0 runs, 1 hit, 0 errors, 1 left on base; Minnesota 0 - Lake Minnetonka 2
BOTTOM OF THE 2ND
Lake Minnetonka Love Boats batting - Pitching for Minnesota Loons : LHP Ángel Flores
Batting: RHB Hatui Haunani 0-0: Fly out, F7 (Flyball, 7LS)
Batting: LHB Tom Haymon 0-0: Fly out, F7 (Flyball, 7LS)
Batting: RHB Yoshii Saikawa 0-0: SINGLE (Line Drive, 9LS)
Batting: RHB Francisco Guerra 0-0: Called Strike
0-1: SINGLE (Line Drive, 4M)
Yoshii Saikawa to second
Runner from 2nd tries for 3rd, OUT!
Bottom of the 2nd over - 0 runs, 2 hits, 0 errors, 1 left on base; Minnesota 0 - Lake Minnetonka 2
TOP OF THE 3RD
Minnesota Loons batting - Pitching for Lake Minnetonka Love Boats : LHP Giuseppe Farina
Batting: LHB Atro Jarvilehto 0-0: Fly out, F9 (Flyball, 9D)
Batting: RHB Maverik Buffo 0-0: Ball
1-0: Called Strike
1-1: Foul Ball, location: 2F
1-2: Strikes out swinging
Batting: RHB Héctor Espiga 0-0: Called Strike
0-1: Ball
1-1: Foul Ball, location: 2F
1-2: Ball
2-2: Fly out, F3 (Popup, 34)
Top of the 3rd over - 0 runs, 0 hits, 0 errors, 0 left on base; Minnesota 0 - Lake Minnetonka 2
BOTTOM OF THE 3RD
Lake Minnetonka Love Boats batting - Pitching for Minnesota Loons : LHP Ángel Flores
Batting: RHB Jeff Hunter 0-0: Foul Ball, location: 2F
0-1: Fly out, F5 (Line Drive, 56)
Batting: LHB Wilton Maynard 0-0: Called Strike
0-1: Ball
1-1: Called Strike
1-2: Ball
2-2: Fly out, F6 (Popup, 6M)
Batting: RHB Mario van Heijbeeck 0-0: Fly out, F4 (Flyball, 34D)
Bottom of the 3rd over - 0 runs, 0 hits, 0 errors, 0 left on base; Minnesota 0 - Lake Minnetonka 2
TOP OF THE 4TH
Minnesota Loons batting - Pitching for Lake Minnetonka Love Boats : LHP Giuseppe Farina
Batting: RHB Augusto Manuel 0-0: Ball
1-0: Ball
2-0: Swinging Strike
2-1: Swinging Strike
2-2: Foul Ball, location: 2F
2-2: Foul Ball, location: 2F
2-2: Ball
3-2: Base on Balls
Batting: LHB Kevin de Bruyne 0-0: Called Strike
0-1: Fielders Choice at 2nd, 3-6 (Groundball, 34)
Batting: LHB José Román 0-0: Called Strike
0-1: Called Strike
0-2: Ball
1-2: Foul Ball, location: 2F
1-2: Foul Ball, location: 2F
1-2: Foul Ball, location: 2F
1-2: Ball
2-2: Ground out 3-1 (Groundball, 34S)
Kevin de Bruyne to second
Batting: RHB Raúl Maradona 0-0: Fly out, F7 (Flyball, 78M)
Top of the 4th over - 0 runs, 0 hits, 0 errors, 1 left on base; Minnesota 0 - Lake Minnetonka 2
BOTTOM OF THE 4TH
Lake Minnetonka Love Boats batting - Pitching for Minnesota Loons : LHP Ángel Flores
Batting: LHB Juan Ramírez 0-0: Ball
1-0: Foul Ball, location: 2F
1-1: Swinging Strike
1-2: Foul Ball, location: 2F
1-2: SOLO HOME RUN (Flyball, 7D), Distance : 367 ft
Batting: RHB Martin van Veldhuizen 0-0: Ground out 4-3 (Groundball, 4)
Batting: RHB Hatui Haunani 0-0: Ball
1-0: Fly out, F8 (Flyball, 8LXD)
Batting: LHB Tom Haymon 0-0: Foul Ball, location: 2F
0-1: Ball
1-1: Ball
2-1: Foul Ball, location: 2F
2-2: Ball
3-2: Foul Ball, location: 2F
3-2: Fly out, F9 (Line Drive, 9S)
Bottom of the 4th over - 1 run, 1 hit, 0 errors, 0 left on base; Minnesota 0 - Lake Minnetonka 3
TOP OF THE 5TH
Minnesota Loons batting - Pitching for Lake Minnetonka Love Boats : LHP Giuseppe Farina
Batting: LHB Sergio Cruz 0-0: Called Strike
0-1: Ground out 4-3 (Groundball, 4S)
Batting: SHB Esteban Piñeiro 0-0: Ball
1-0: Called Strike
1-1: Foul Ball, location: 2F
1-2: Ball
2-2: Foul Ball, location: 2F
2-2: Ball
3-2: Base on Balls
Pitching: RHP Augusto Rumina
Batting: LHB Atro Jarvilehto 0-0: Fly out, F8 (Flyball, 78D)
Batting: RHB Maverik Buffo 0-0: Called Strike
0-1: Foul Ball, location: 2F
0-2: Ball
1-2: Ball
2-2: Ball
3-2: Base on Balls
Esteban Piñeiro to second
Batting: RHB Héctor Espiga 0-0: Ball
1-0: Fly out, F6 (Popup, 6)
Top of the 5th over - 0 runs, 0 hits, 0 errors, 2 left on base; Minnesota 0 - Lake Minnetonka 3
BOTTOM OF THE 5TH
Lake Minnetonka Love Boats batting - Pitching for Minnesota Loons : LHP Ángel Flores
Batting: RHB Yoshii Saikawa 0-0: Ground out 4-3 (Groundball, 4M)
Batting: RHB Francisco Guerra 0-0: Foul Ball, location: 2F
0-1: Swinging Strike
0-2: Ball
1-2: Strikes out swinging
Batting: RHB Jeff Hunter 0-0: Called Strike
0-1: Fly out, F8 (Line Drive, 8LM)
Bottom of the 5th over - 0 runs, 0 hits, 0 errors, 0 left on base; Minnesota 0 - Lake Minnetonka 3
TOP OF THE 6TH
Minnesota Loons batting - Pitching for Lake Minnetonka Love Boats : RHP Augusto Rumina
Batting: RHB Augusto Manuel 0-0: Called Strike
0-1: Swinging Strike
0-2: SINGLE (Flyball, 7S)
Batting: LHB Kevin de Bruyne 0-0: Fly out, F8 (Flyball, 8LXD)
Batting: LHB José Román 0-0: Swinging Strike
0-1: Ball
1-1: Called Strike
1-2: SINGLE (Groundball, 4MD)
Augusto Manuel to second
Runner from 2nd tries for 3rd, SAFE, no throw
Batting: RHB Raúl Maradona 0-0: Called Strike
José Román steals 2nd base
0-1: SINGLE (Line Drive, 8LS)
Augusto Manuel scores
José Román to third
Batting: LHB Sergio Cruz 0-0: Called Strike
0-1: Ball
1-1: Foul Ball, location: 2F
1-2: Fly out, F9 (Flyball, 89D)
Runner from 3rd tags up, OUT at HOME
Top of the 6th over - 1 run, 3 hits, 0 errors, 1 left on base; Minnesota 1 - Lake Minnetonka 3
BOTTOM OF THE 6TH
Lake Minnetonka Love Boats batting - Pitching for Minnesota Loons : LHP Ángel Flores
Batting: LHB Wilton Maynard 0-0: Ball
1-0: Ball
2-0: Called Strike
2-1: Ground out 3-1 (Groundball, 34S)
Batting: RHB Mario van Heijbeeck 0-0: Swinging Strike
0-1: Ball
1-1: Ball
2-1: Foul Ball, location: 2F
2-2: SINGLE (Groundball, 6S) (infield hit)
Batting: LHB Juan Ramírez 0-0: Called Strike
0-1: Called Strike
Mario van Heijbeeck steals 2nd base
0-2: Foul Ball, location: 2F
0-2: Foul Ball, location: 2F
0-2: Ball
1-2: Ball
2-2: Ball
3-2: Foul Ball, location: 2F
3-2: Ground out 6-3 (Groundball, 6)
Mario van Heijbeeck to third
Batting: RHB Martin van Veldhuizen 0-0: Ball
1-0: Called Strike
1-1: Ball
2-1: Called Strike
2-2: Ball
3-2: SINGLE (Groundball, 56D)
Mario van Heijbeeck scores
Batting: RHB Hatui Haunani 0-0: Called Strike
0-1: Foul Ball, location: 2F
0-2: Fly out, F9 (Flyball, 89S)
Bottom of the 6th over - 1 run, 2 hits, 0 errors, 1 left on base; Minnesota 1 - Lake Minnetonka 4
TOP OF THE 7TH
Minnesota Loons batting - Pitching for Lake Minnetonka Love Boats : RHP Augusto Rumina
Batting: SHB Esteban Piñeiro 0-0: Called Strike
0-1: Fly out, F4 (Popup, 4MD)
Batting: LHB Atro Jarvilehto 0-0: Ground out 5-3 (Groundball, 56)
Batting: RHB Maverik Buffo 0-0: Foul Ball, location: 2F
0-1: Fly out, F1 (Line Drive, 15)
Top of the 7th over - 0 runs, 0 hits, 0 errors, 0 left on base; Minnesota 1 - Lake Minnetonka 4
BOTTOM OF THE 7TH
Lake Minnetonka Love Boats batting - Pitching for Minnesota Loons : LHP Ángel Flores
Batting: LHB Tom Haymon 0-0: SINGLE (Groundball, 6M) (infield hit)
Batting: RHB Yoshii Saikawa 0-0: Ball
1-0: Ball
2-0: Sac Bunt - play at first, batter OUT! 3-4
Tom Haymon to second
Batting: RHB Francisco Guerra 0-0: Called Strike
0-1: SINGLE (Line Drive, 5D)
Tom Haymon to third
Runner from 3rd tries for Home, SAFE, no throw
Batting: RHB Jeff Hunter 0-0: Ball
1-0: Foul Ball, location: 2F
1-1: Ball
2-1: Fly out, F3 (Popup, 23F)
Batting: LHB Wilton Maynard 0-0: Ball
1-0: Foul Ball, location: 2F
1-1: Ball
Francisco Guerra steals 2nd base
2-1: Ball
3-1: Ground out 1-3 (Groundball, 13)
Bottom of the 7th over - 1 run, 2 hits, 0 errors, 1 left on base; Minnesota 1 - Lake Minnetonka 5
TOP OF THE 8TH
Minnesota Loons batting - Pitching for Lake Minnetonka Love Boats : RHP Augusto Rumina
Batting: RHB Héctor Espiga 0-0: Ball
1-0: Swinging Strike
1-1: Foul Ball, location: 2F
1-2: Strikes out swinging
Batting: RHB Augusto Manuel 0-0: Ball
1-0: Ball
2-0: Foul Ball, location: 2F
2-1: Ground out 5-3 (Groundball, 56)
Batting: LHB Kevin de Bruyne 0-0: SINGLE (Line Drive, 89S)
Batting: LHB José Román 0-0: Ball
1-0: Ball
2-0: Ball
3-0: Called Strike
3-1: Base on Balls
Kevin de Bruyne to second
Batting: RHB Raúl Maradona 0-0: Ball
1-0: Foul Ball, location: 2F
1-1: Foul Ball, location: 2F
1-2: Foul Ball, location: 2F
1-2: Fly out, F6 (Line Drive, 6M)
Top of the 8th over - 0 runs, 1 hit, 0 errors, 2 left on base; Minnesota 1 - Lake Minnetonka 5
BOTTOM OF THE 8TH
Lake Minnetonka Love Boats batting - Pitching for Minnesota Loons : LHP Ángel Flores
Batting: RHB Mario van Heijbeeck 0-0: Foul Ball, location: 2F
0-1: Ball
1-1: Foul Ball, location: 2F
1-2: Ball
2-2: Ground out 5-3 (Groundball, 56S)
Pitching: RHP Adrián Porras
Batting: LHB Juan Ramírez 0-0: Ball
1-0: Foul Ball, location: 2F
1-1: Swinging Strike
1-2: Ball
2-2: Ball
3-2: Base on Balls
Batting: RHB Martin van Veldhuizen 0-0: Fly out, F8 (Flyball, 8RD)
Batting: RHB Hatui Haunani 0-0: Ball
1-0: Called Strike
1-1: Called Strike
1-2: Ball
2-2: Strikes out swinging
Bottom of the 8th over - 0 runs, 0 hits, 0 errors, 1 left on base; Minnesota 1 - Lake Minnetonka 5
TOP OF THE 9TH
Minnesota Loons batting - Pitching for Lake Minnetonka Love Boats : RHP Augusto Rumina
Batting: LHB Sergio Cruz 0-0: Foul Ball, location: 2F
0-1: Ball
1-1: Called Strike
1-2: SINGLE (Flyball, 89M)
Batting: SHB Esteban Piñeiro 0-0: Swinging Strike
0-1: Ball
1-1: Fly out, F7 (Flyball, 7S)
Batting: LHB Atro Jarvilehto 0-0: Called Strike
0-1: Foul Ball, location: 2F
0-2: Ball
1-2: Foul Ball, location: 2F
1-2: TRIPLE (Flyball, 89XD)
Sergio Cruz scores
Pitching: RHP Harry Stogsdill
Batting: RHB Maverik Buffo 0-0: Called Strike
0-1: DOUBLE (Line Drive, 7D)
Atro Jarvilehto scores
Batting: RHB Héctor Espiga 0-0: Called Strike
0-1: Ball
1-1: Called Strike
1-2: Ground out 6-3 (Groundball, 6)
Batting: RHB Augusto Manuel 0-0: Ball
1-0: Foul Ball, location: 2F
1-1: Swinging Strike
1-2: Ball
2-2: Foul Ball, location: 2F
2-2: Ball
3-2: Strikes out swinging
Top of the 9th over - 2 runs, 3 hits, 0 errors, 1 left on base; Minnesota 3 - Lake Minnetonka 5
Friday, March 29th, 2019 - OOTP Baseball 18.8 Build 76